 Dungeon Crawl Stone Soup version 0.26-a0-597-gb535b0901c (webtiles) character file.

Game seed: 3429418641955437101

865993 Apogee the Imperceptible (level 27, -14/205 HPs)
             Began as a Gnoll Venom Mage on Sept 7, 2020.
             Was the Champion of Hepliaklqana.
             Demolished by a Brimstone Fiend (17 damage)
             ... on level 7 of Gehenna.
             The game lasted 05:13:49 (95852 turns).

Apogee the Imperceptible (Gnoll Venom Mage)        Turns: 95852, Time: 05:13:50

Health: -14/205    AC: 33    Str: 22    XL:     27
Magic:  51/57      EV: 30    Int: 40    God:    Hepliaklqana [******]
Gold:   5049       SH: 19    Dex: 21    Spells: 5/69 levels left

rFire    + + .     SeeInvis .   a - +18 lance "Wyrmbane" {slay drac, rPois rF+ rC+ AC+3}
rCold    + + .     Faith    .   g - +2 kite shield {reflect}
rNeg     . . .     Spirit   .   O - +7 ring mail of Impressiveness {MP+9}
rPois    +         Reflect  +   c - +4 hat "Rufeh" {Str+10}
rElec    +         Harm     .   y - scarf {shadows}
rCorr    .                      Y - +2 pair of gloves {Str+3}
MR       ++...                  A - +2 pair of boots
Stlth    +++++++++.             D - amulet "Upui" {Fragile rElec Regen+ Dex+6 Slay+6}
HPRegen  0.84/turn              K - ring of Tajoletz {+Fly rF+ rC+ Str-3 Int+10}
MPRegen  0.35/turn              T - ring of wizardry

@: no status effects
A: distributed training, reduced essence, fangs 1, iridescent scales 1, wild
magic 1, strong nose
}: 5/15 runes: barnacled, slimy, silver, abyssal, gossamer
a: Recall Ancestor, Ancestor Identity, Transference, Idealise, Renounce
Religion, Evoke Flight


You were on level 7 of Gehenna.
You worshipped Hepliaklqana.
Hepliaklqana was exalted by your worship.
You visited 16 branches of the dungeon, and saw 69 of its levels.
You visited the Abyss 2 times.
You also visited: Ossuary and Ice Cave.

You collected 11511 gold pieces.
You spent 6462 gold pieces at shops.

Inventory:

Hand Weapons
 a - the +18 lance "Wyrmbane" (weapon) {slay drac, rPois rF+ rC+ AC+3}
   (You bought it in a shop on level 2 of the Orcish Mines)

   It affects your AC (+3).
   It protects you from fire.
   It protects you from cold.
   It protects you from poison.
 b - a +9 vorpal broad axe
   (You took it off a hell knight on level 5 of the Depths)
Missiles
 F - 52 silver javelins (quivered)
 G - 20 throwing nets {!f}
Armour
 c - the +4 hat "Rufeh" (worn) {Str+10}
   (You acquired it on level 1 of the Abyss)

   It affects your strength (+10).
 e - the +2 hat of the Bear Spirit {Spirit, +Rage rN+ MR++}
   (You found it on level 3 of the Spider Nest)

   It protects you from negative energy.
   It affects your resistance to hostile enchantments.
   It lets you go berserk.
 g - a +2 kite shield of reflection (worn)
   (You found it on level 3 of the Crypt)
 l - a +2 pair of gloves
   (You found it on level 3 of the Shoals)
 y - a scarf of shadows (worn)
   (You found it on level 2 of the Lair of Beasts)
 A - a +2 pair of boots (worn)
   (You found it on level 4 of the Dungeon)
 O - the +7 ring mail of Impressiveness (worn) {MP+9}
   (You took it off a wight on level 7 of the Dungeon)

   It affects your magic capacity (+9).
 Y - a +2 pair of gloves of strength (worn)
   (You found it on level 3 of the Dungeon)
Jewellery
 k - a +6 ring of strength
   (You found it on level 8 of the Dungeon)
 o - an uncursed ring of protection from cold
   (You found it on level 1 of the Spider Nest)
 u - the ring "Zozetyce" {rF+ rN+}
   (You found it on level 3 of the Crypt)

   [ring of positive energy]

   It protects you from fire.
   It protects you from negative energy.
 z - an uncursed ring of see invisible
   (You took it off a deep elf mage on level 3 of the Elven Halls)
 D - the amulet "Upui" (around neck) {Fragile rElec Regen+ Dex+6 Slay+6}
   (You bought it in a shop on level 9 of the Dungeon)

   [amulet of regeneration]

   It affects your dexterity (+6).
   It affects your accuracy and damage with ranged weapons and melee attacks
   (+6).
   It insulates you from electricity.
   It increases your rate of regeneration.
   It will be destroyed if unequipped.
 J - the ring "Qyiminen" {rPois MR+ rCorr}
   (You found it on level 5 of the Vaults)

   [ring of resist corrosion]

   It protects you from poison.
   It affects your resistance to hostile enchantments.
   It provides partial protection from all sources of acid and corrosion.
 K - the ring of Tajoletz (left hand) {+Fly rF+ rC+ Str-3 Int+10}
   (You acquired it on level 3 of the Shoals)

   [ring of flight]

   It affects your strength (-3).
   It affects your intelligence (+10).
   It protects you from fire.
   It protects you from cold.
   It lets you fly.
 T - a ring of wizardry (right hand)
   (You found it on level 14 of the Dungeon)
 X - the ring of Rublimm {rElec rF+ rN+}
   (You found it on level 3 of the Crypt)

   [ring of positive energy]

   It protects you from fire.
   It insulates you from electricity.
   It protects you from negative energy.
Wands
 v - a wand of digging (17)
   (You took it off a centaur warrior on level 13 of the Dungeon)
 x - a wand of acid (22)
   (You found it on level 4 of the Realm of Zot)
Scrolls
 d - 2 scrolls of summoning
 r - 33 scrolls of remove curse {@r2}
 s - 4 scrolls of vulnerability {!r}
 w - 8 scrolls of magic mapping
 C - 2 scrolls of enchant weapon
 H - 13 scrolls of immolation {!r}
 L - 15 scrolls of fear
 M - 4 scrolls of silence
 N - 9 scrolls of amnesia
 P - 5 scrolls of enchant armour
 Q - 4 scrolls of holy word
 S - 13 scrolls of identify {@r1}
 U - 31 scrolls of teleportation {@r4}
Potions
 f - 7 potions of might
 h - 3 potions of haste {@q3}
 i - 10 potions of magic
 j - a potion of ambrosia
 m - 2 potions of resistance
 n - 5 potions of mutation {!q}
 p - 12 potions of brilliance
 q - 18 potions of curing {@q1}
 t - a potion of cancellation
 E - 11 potions of flight
 I - 5 potions of invisibility


   Skills:
 + Level 21.2 Fighting
 + Level 21.2 Short Blades
 + Level 21.2 Long Blades
 + Level 21.2 Axes
 + Level 21.2 Maces & Flails
 + Level 21.2 Polearms
 + Level 21.2 Staves
 + Level 21.2 Slings
 + Level 21.2 Bows
 + Level 21.2 Crossbows
 + Level 21.2 Throwing
 + Level 21.2 Armour
 + Level 21.5 Dodging
 + Level 25.4 Stealth
 + Level 21.2 Shields
 + Level 21.2 Unarmed Combat
 + Level 21.5 Spellcasting
 + Level 18.4 Conjurations
 + Level 18.4 Hexes
 + Level 18.4 Summonings
 + Level 18.4 Necromancy
 + Level 18.4 Translocations
 + Level 18.5 Transmutations
 + Level 18.4 Fire Magic
 + Level 18.4 Ice Magic
 + Level 18.4 Air Magic
 + Level 18.4 Earth Magic
 + Level 18.9 Poison Magic
 + Level 22.7 Invocations
 + Level 21.2 Evocations


You had 5 spell levels left.
You knew the following spells:

 Your Spells              Type           Power        Failure   Level
a - Sting                 Tmut/Pois      ####         1%          1
b - Ignite Poison         Fire/Tmut/Pois #######.     1%          3
c - Blink                 Tloc           N/A          1%          2
d - Iron Shot             Conj/Erth      #######...   1%          6
e - Iskenderun's Mystic   Conj/Tloc      #######.     1%          4
f - Mephitic Cloud        Conj/Pois/Air  #######.     1%          3
g - Borgnjor's Vile Clut  Necr/Erth      #######...   1%          5
h - Malign Gateway        Summ/Tloc      #######...   1%          7
i - Statue Form           Tmut/Erth      #######..    1%          6
j - Monstrous Menagerie   Summ           #######...   1%          7
k - Fire Storm            Conj/Fire      #######...   21%         9
v - Passage of Golubria   Tloc           N/A          1%          4
z - Orb of Destruction    Conj           #######...   1%          7

Your spell library contained the following spells:

 Spells                   Type           Power        Failure   Level
 Animate Skeleton         Necr           ######       1%          1
 Beastly Appendage        Tmut           ######       1%          1
 Corona                   Hex            #######      1%          1
 Foxfire                  Conj/Fire      ####         1%          1
 Magic Dart               Conj           ####         1%          1
 Pain                     Necr           ####         1%          1
 Sandblast                Erth           ######       1%          1
 Shock                    Conj/Air       ####         1%          1
 Call Imp                 Summ           #######.     1%          2
 Corpse Rot               Necr/Air       N/A          1%          2
 Passwall                 Tmut/Erth      #######.     1%          2
 Poisonous Vapours        Pois/Air       ######       1%          2
 Searing Ray              Conj           ######       1%          2
 Slow                     Hex            #######.     1%          2
 Sublimation of Blood     Necr           #######...   1%          2
 Swiftness                Air            #######.     1%          2
 Wereblood                Tmut           #######.     1%          2
 Confusing Touch          Hex            #######.     1%          3
 Conjure Flame            Conj/Fire      #######.     1%          3
 Dazzling Flash           Conj/Hex       ######       1%          3
 Gell's Gravitas          Tloc           #######...   1%          3
 Inner Flame              Hex/Fire       #######.     1%          3
 Lesser Beckoning         Tloc           #######...   1%          3
 Portal Projectile        Hex/Tloc       ######       1%          3
 Spider Form              Tmut/Pois      #######...   1%          3
 Static Discharge         Conj/Air       #######.     1%          3
 Stone Arrow              Conj/Erth      ######       1%          3
 Summon Guardian Golem    Hex/Summ       #######.     1%          3
 Teleport Other           Tloc           #######.     1%          3
 Vampiric Draining        Necr           #######...   1%          3
 Airstrike                Air            #######...   1%          4
 Animate Dead             Necr           #######...   1%          4
 Cause Fear               Hex            #######...   1%          4
 Dispel Undead            Necr           #######.     1%          4
 Fulminant Prism          Conj/Hex       #######...   1%          4
 Ice Form                 Ice/Tmut       #######.     1%          4
 Leda's Liquefaction      Hex/Erth       #######...   1%          4
 Olgreb's Toxic Radiance  Pois           #######.     1%          4
 Petrify                  Tmut/Erth      #######.     1%          4
 Sticky Flame             Conj/Fire      #######.     1%          4
 Summon Lightning Spire   Summ/Air       #######.     1%          4
 Agony                    Necr           #######.     1%          5
 Alistair's Intoxication  Tmut/Pois      #######..    1%          5
 Blade Hands              Tmut           #######...   1%          5
 Bolt of Magma            Conj/Fire/Erth #######...   1%          5
 Excruciating Wounds      Necr           #######...   1%          5
 Fireball                 Conj/Fire      #######...   1%          5
 Irradiate                Conj/Tmut      #######...   1%          5
 Iskenderun's Battlesphe  Conj           #######.     1%          5
 Lee's Rapid Deconstruct  Erth           #######...   1%          5
 Lightning Bolt           Conj/Air       #######...   1%          5
 Metabolic Englaciation   Hex/Ice        #######...   1%          5
 Silence                  Hex/Air        #######...   1%          5
 Summon Demon             Summ           #######...   1%          5
 Summon Forest            Summ/Tloc      #######...   1%          5
 Summon Mana Viper        Hex/Summ       #######.     1%          5
 Yara's Violent Unravell  Hex/Tmut       #######...   1%          5
 Conjure Ball Lightning   Conj/Air       #######...   1%          6
 Death Channel            Necr           #######...   1%          6
 Eringya's Noxious Bog    Tmut/Pois      #######...   1%          6
 Freezing Cloud           Conj/Ice/Air   #######...   1%          6
 Hydra Form               Tmut           #######...   1%          6
 Simulacrum               Ice/Necr       #######...   1%          6
 Starburst                Conj/Fire      #######...   1%          6
 Dragon Form              Tmut           #######...   1%          7
 Haunt                    Necr/Summ      #######...   1%          7
 Spellforged Servitor     Conj/Summ      #######...   1%          7
 Summon Greater Demon     Summ           #######...   1%          7
 Summon Hydra             Summ           #######...   1%          7
 Borgnjor's Revivificati  Necr           #######...   1%          8
 Chain Lightning          Conj/Air       #######...   1%          8
 Ignition                 Fire           #######...   1%          8
 Infestation              Necr           #######...   1%          8
 Lehudib's Crystal Spear  Conj/Erth      #######...   1%          8
 Necromutation            Tmut/Necr      #######...   1%          8
 Summon Horrible Things   Summ           #######...   1%          8
 Absolute Zero            Ice            #######...   21%         9
 Death's Door             Necr           #######...   21%         9
 Dragon's Call            Summ           #######...   21%         9
 Shatter                  Erth           #######...   21%         9
 Tornado                  Air            #######...   21%         9


Dungeon Overview and Level Annotations

Branches:
Dungeon (15/15)            Temple (1/1) D:4            Lair (6/6) D:11
 Shoals (4/4) Lair:4       Spider (4/4) Lair:4        Slime (5/5) Lair:5
    Orc (2/2) D:12            Elf (3/3) Orc:2        Vaults (5/5) D:13
  Crypt (3/3) Vaults:3       Tomb (1/3) Crypt:3      Depths (5/5) D:15
   Hell (visited)             Dis (0/7) Hell            Geh (7/7) Hell
    Coc (2/7) Hell            Tar (0/7) Hell            Zot (5/5) Depths:5
Ossuary (visited)           IceCv (visited)

Altars:
Ashenzari
Cheibriados
Dithmenos
Fedhas
Gozag
Hepliaklqana
Kikubaaqudgha
Makhleb
Okawaru
Qazlal
Ru
Sif Muna
Trog
Uskayaw
Vehumet
Wu Jian
Xom
Zin
The Shining One
Beogh
Jiyva

Shops:
D:9 !=}   D:13 (   Orc:2 (([:   Shoals:1 [   Shoals:3 }**[   Vaults:1 :
Vaults:5 }   Depths:3 ?!   Depths:5 *

Portals:
Hell: Depths:1 Depths:2 Depths:3 Depths:4 Depths:5
Abyss: Depths:2 Depths:3 Depths:4
Pandemonium: Depths:2 Depths:3
Ziggurat: Depths:5

Annotations:
Lair:6 exclusion: oklob plant
Shoals:1 3 runed translucent doors, Hymn's ghost, journeyman DDFi
Elf:2 5 runed translucent doors
Elf:3 1 runed translucent door, Alarkh's ghost, adept DsFi
Crypt:2 2 transporters
Zot:3 1 runed translucent door, EnegeticOcto's ghost, adept DDFi


Innate Abilities, Weirdness & Mutations

Your experience applies equally to all skills.
You have very sharp teeth.
Your uncanny sense of smell can sniff out nearby items.
Your life essence is reduced to manifest your ancestor. (-10% HP)
You are partially covered in iridescent scales. (AC +2)
Your spells are a little harder to cast, but a little more powerful.


Message History

The anaconda skeleton misses you.
The anaconda skeleton completely misses you.
The anaconda skeleton closely misses you.
You block the anaconda skeleton's attack.
A sun demon comes into view.
You block the anaconda skeleton's attack. x2
As you read the scroll of fog, it crumbles to dust.
The scroll dissolves into smoke.
You block the anaconda skeleton's attack. x2
The anaconda skeleton completely misses you.
You block the anaconda skeleton's attack.
There is an open door here.
The anaconda skeleton misses you.
You block the anaconda skeleton's attack.
You see here a +0 scimitar of flaming.
You block the anaconda skeleton's attack. x2
You see here a hell hog corpse.
You block the anaconda skeleton's attack.
The anaconda skeleton bites you but does no damage.
You see here a +1 great sword of flaming.
Cruncher hits the anaconda skeleton with a +0 broad axe of speed!
The anaconda skeleton completely misses you.
You block the anaconda skeleton's attack.
You block the anaconda skeleton's attack.
The anaconda skeleton misses you.
Cruncher hits the anaconda skeleton with a +0 broad axe of speed!
The anaconda skeleton closely misses you.
The anaconda skeleton completely misses you.
Cruncher hits the anaconda skeleton with a +0 broad axe of speed!
You block the anaconda skeleton's attack. x2
Cruncher hits the anaconda skeleton with a +0 broad axe of speed.
The anaconda skeleton bites Cruncher but does no damage.
Cruncher hits the anaconda skeleton with a +0 broad axe of speed!!
The anaconda skeleton is destroyed!
You feel a numb sensation.
The dungeon shakes, a horrible noise fills the air, and a portal to some otherworldly place is opened!
A hellion comes into view.
The Brimstone Fiend calls on the powers of darkness!
Your body is wracked with pain!
* * * LOW HITPOINT WARNING * * *
Okay, then.
Okay, then.
You swap places.
The Brimstone Fiend gestures at you.
The sphere of damnation explodes!
The damnation engulfs you!!
* * * LOW HITPOINT WARNING * * *
The damnation engulfs Cruncher!!
As you read the scroll of blinking, it crumbles to dust.
The Brimstone Fiend hits you!
You die...

,,*.........###'###.3..##.R#..'..
*,*#..#......#...##..#.'..(#..#..
,,,'.......§##§§.'...#.#...#..'..
*,##........§§§#§#.....'†2....#..
,,#......#.§##§§§'...#9#.R.#..'..
+**#....^....#§§§##1.#.'2.(#[)#..
≈≈≈#.........######...§##§.#..'..
≈§§###.#'#..††###########.1)..##.
≈§§§§###.###..).@##############*,
≈§≈§≈#.....##.)).1..R§.#########*
≈≈§§§+..#1.##[[≈≈..#§§).─w2....##
≈≈§≈≈#.....##))≈≈§§§≈§≈*.#...§...
≈§≈≈≈##+#9###.).≈≈§§§≈≈≈≈≈≈§≈≈§..
≈≈≈§###9#.####.)≈≈###≈≈§§§≈≈§§§≈≈
≈≈≈≈#42.#24.##)#≈≈# #≈§§§.#§§§≈≈≈
≈≈≈§'.4#3#..##.§§§###≈§§§.#≈§≈≈≈#
≈≈≈≈9..)#...##..§≈≈§§§§≈§≈≈≈≈§≈§≈


You could see the friendly Cruncher the knight (fast) and a Brimstone Fiend.

Vanquished Creatures
  the Royal Jelly (Slime:5)
  5 orbs of fire
  7 ancient liches
  A greater mummy (Tomb:1)
  8 Killer Klowns
  Bai Suzhen (Shoals:3)
  A shard shrike (Coc:1)
  3 curse toes
  Saint Roka (Orc:2)
  Geryon (Hell)
  5 caustic shrikes (Depths:5)
  Xtahua (Depths:4)
  11 golden dragons
  Jory (Vaults:5)
  18 Brimstone Fiends
  3 bone dragons
  2 electric golems (Zot:2)
  11 liches
  2 Ice Fiends
  Jorgrun (Orc:1)
  17 tentacled monstrosities
  21 Orb Guardians (Zot:5)
  5 titans (Vaults:5)
  2 deep elf blademasters (Elf:3)
  A deep elf master archer (Elf:3)
  18 acid blobs
  6 quicksilver dragons
  3 ancient champions
  Gastronok (D:9)
  An eldritch tentacle (Tomb:1)
  9 death cobs
  9 tentacled starspawn
  Polyphemus (Shoals:3)
  5 sphinxes
  Agnes (Elf:1)
  A thorn hunter (Abyss:3)
  Kirke (Spider:2)
  8 shadow dragons
  14 storm dragons
  4 tengu reavers
  7 draconian monks
  14 azure jellies
  8 fire giants
  3 revenants
  3 frost giants
  An iron dragon (Hell)
  4 draconian knights
  6 emperor scorpions
  7 ghost moths
  13 vault wardens
  4 curse skulls
  6 deep elf sorcerers
  An orc warlord (Orc:2)
  7 draconian scorchers
  3 ghouls (Crypt:1)
  6 draconian stormcallers
  8 deep elf elementalists
  8 balrugs
  5 draconian shifters
  16 ironheart preservers
  Louise (Depths:4)
  Aizul (Vaults:1)
  9 draconian annihilators
  16 reapers
  9 entropy weavers
  4 bennus (Tomb:1)
  19 stone giants
  6 war gargoyles
  21 very ugly things
  9 black draconians
  11 green draconians
  7 vampire knights
  5 deep elf demonologists
  12 purple draconians
  7 red draconians
  17 yellow draconians
  A white draconian (shapeshifter) (Zot:1)
  A lorocyproca (Abyss:3)
  11 white draconians
  A red draconian (shapeshifter) (Zot:1)
  2 spark wasps (Depths:1)
  7 deep elf annihilators (Elf:3)
  9 deep elf death magi
  A blizzard demon (Hell)
  3 green deaths
  13 ettins
  7 merfolk javelineers
  12 crystal guardians
  5 eidola
  10 jiangshi
  8 merfolk impalers
  2 mummy priests (Tomb:1)
  16 death oozes
  15 yaktaur captains
  12 great orbs of eyes
  3 hydras
  24 vault guards (Vaults:5)
  4 deep elf high priests (Elf:3)
  Harold (D:9)
  7 fire dragons
  A spriggan air mage (Depths:5)
  3 rakshasas
  7 quicksilver dragon skeletons
  17 ice dragons
  10 centaur warriors
  An alligator snapping turtle (Shoals:4)
  2 catoblepae
  13 ogre magi
  37 two-headed ogres
  10 death knights
  Erica (Orc:1)
  4 satyrs
  10 deep troll shamans
  15 dancing weapons
  3 merfolk avatars
  A satyr (shapeshifter) (Vaults:5)
  2 merfolk aquamancers (Shoals:4)
  4 titan zombies
  8 tengu warriors
  9 vampire magi
  23 hell hogs
  8 deep troll earth magi
  5 death yaks
  8 death scarabs (Tomb:1)
  Urug (Lair:2)
  6 deep elf knights
  18 sun demons
  4 soul eaters (Hell)
  A spriggan berserker (Depths:4)
  3 wretched stars
  3 thrashing horrors
  An iron golem (Geh:2)
  13 skeletal warriors
  43 hell knights
  4 titan skeletons
  A spark wasp zombie (D:15)
  2 storm dragon zombies
  4 spatial maelstroms
  2 sixfirhies (Abyss:2)
  A salamander mystic (Depths:2)
  4 shadow wraiths
  An unseen horror (D:11)
  8 sea snakes
  2 storm dragon skeletons
  13 flayed ghosts
  A glowing orange brain (Vaults:5)
  8 deep elf archers
  5 anaconda skeletons
  A harpy (shapeshifter) (Depths:4)
  23 phantasmal warriors
  28 deep trolls
  An anaconda zombie (Hell)
  A sphinx zombie (Vaults:5)
  Pikel (D:7)
  3 shadow dragon zombies
  9 harpies
  17 necromancers
  8 orc knights
  7 wizards
  2 golden dragon skeletons
  3 orange crystal statues
  12 ironbrand convokers
  63 ugly things
  2 iron dragon zombies
  19 wolf spiders
  2 frost giant zombies
  2 wolf spider zombies
  13 orb spiders
  5 shadow dragon skeletons
  53 deep elf magi
  5 salamanders
  5 shining eyes
  3 orc sorcerers
  13 manticores
  2 worldbinders (Abyss:2)
  A fire giant zombie (Geh:1)
  11 cyclopes
  A salamander (shapeshifter) (Depths:2)
  5 fauns
  26 moths of wrath
  A faun (shapeshifter) (Vaults:3)
  3 iron dragon skeletons
  5 fire giant skeletons
  7 merfolk sirens
  A black mamba (shapeshifter) (Vaults:1)
  A guardian serpent (shapeshifter) (Vaults:2)
  2 black mambas
  A naga mage (Depths:1)
  6 rust devils
  A stone giant skeleton (Geh:2)
  A shock serpent zombie (Geh:3)
  2 dire elephant zombies (Geh:1)
  3 molten gargoyles
  2 frost giant skeletons
  13 vault sentinels
  An apocalypse crab (Abyss:3)
  5 guardian serpents
  A smoke demon (Abyss:2)
  2 yaktaur zombies
  A catoblepas zombie (Geh:6)
  14 cane toads
  4 gargoyles (Crypt:3)
  5 water nymphs
  2 torpor snails
  3 eyes of devastation (Slime:4)
  2 shock serpent skeletons (Geh:1)
  5 ice statues (IceCv)
  25 hellions
  3 centaur skeletons
  2 dire elephant skeletons (Geh:3)
  Maggie (D:6)
  A ghost moth simulacrum (Hell)
  40 yaktaurs
  5 hydra zombies
  2 ice devils
  9 guardian mummies
  11 tormentors
  2 anaconda simulacra (IceCv)
  A rime drake (Lair:3)
  4 komodo dragons
  12 freezing wraiths
  13 efreet
  10 demonic crawlers
  3 harpy zombies
  2 tengu conjurers
  A white draconian skeleton (Crypt:1)
  A pale draconian skeleton (Crypt:2)
  5 ancient zymes (Abyss:2)
  A troll (shapeshifter) (Vaults:1)
  A catoblepas skeleton (Geh:4)
  A polar bear (Vaults:2)
  A jumping spider (shapeshifter) (Vaults:5)
  30 jumping spiders
  3 trolls
  5 hydra skeletons
  23 merfolk
  5 wind drakes
  10 hornets
  A meliai (shapeshifter) (Vaults:2)
  18 red devils
  A bog body (Crypt:1)
  2 tyrant leeches (Lair:6)
  4 ettin zombies
  14 large abominations
  2 dream sheep (Shoals:3)
  75 slime creatures
  A blink frog (shapeshifter) (Vaults:3)
  A hippogriff (shapeshifter) (D:15)
  16 raiju
  6 snapping turtles
  3 fire dragon zombies
  49 flying skulls
  7 hippogriffs
  2 stone giant simulacra
  17 blink frogs
  2 ice dragon zombies
  46 redbacks
  Sigmund (D:6)
  23 shadows
  An alligator zombie (Hell)
  A wyvern (D:8)
  13 fire dragon skeletons
  32 wraiths
  3 ushabtiu
  3 alligator skeletons
  4 ettin skeletons
  18 tarantellas
  2 dire elephant simulacra (IceCv)
  3 ice dragon skeletons
  2 air elementals
  A black mamba zombie (Geh:6)
  A yak (shapeshifter) (Depths:5)
  5 ynoxinuls
  7 hogs (Spider:2)
  19 water elementals
  A fire bat (Geh:3)
  A tarantella (shapeshifter) (Vaults:2)
  A basilisk (Lair:5)
  2 humans (shapeshifter)
  13 golden eyes
  8 small abominations
  21 yaks
  24 fire elementals
  A golden eye (shapeshifter) (Vaults:5)
  2 chaos spawn
  A neqoxec (Abyss:2)
  10 vampire mosquitoes
  Menkaure (D:6)
  Edmund (D:4)
  2 insubstantial wisps (Lair:4)
  5 wargs
  A harpy simulacrum (IceCv)
  6 spatial vortices
  A torturous demonspawn zombie (Crypt:1)
  An iron troll simulacrum (IceCv)
  7 water moccasins
  A merfolk zombie (Crypt:1)
  Duvessa (D:5)
  3 cane toad zombies
  41 hell hounds
  3 acid dragons
  6 porcupines
  2 hydra simulacra (IceCv)
  40 orc warriors
  2 sky beasts
  10 ice beasts
  A snapping turtle zombie (Abyss:1)
  2 black bears
  5 cane toad skeletons
  4 eyes of draining
  A manticore zombie (Geh:5)
  A lindwurm zombie (Crypt:2)
  3 phantoms
  2 black mamba simulacra
  12 wolves
  7 boggarts
  8 necrophages
  31 ogres
  2 swamp dragon skeletons
  24 centaurs
  5 manticore skeletons
  8 crocodiles
  A lemure (D:7)
  A snapping turtle skeleton (Geh:6)
  2 big kobolds
  An elf zombie (Abyss:2)
  13 bullfrogs
  2 earth elementals
  Dowan (D:5)
  2 cane toad simulacra
  An elf skeleton (D:7)
  3 scorpions
  2 human simulacra (Vaults:2)
  A killer bee (D:9)
  A spriggan skeleton (Geh:3)
  72 wights
  A wolf zombie (Crypt:2)
  6 electric eels
  3 crimson imps
  4 centaur zombies
  8 starcursed masses
  2 human zombies
  8 hounds
  27 orc priests
  A gnoll shaman (D:6)
  3 quasits
  3 bullfrog skeletons
  2 jellies
  24 orc wizards
  A human skeleton (D:7)
  3 iron imps
  Terence (D:2)
  Natasha (thrice) (D:3)
  5 iguanas
  4 worker ants
  9 hell rats
  A killer bee zombie (D:7)
  A demigod zombie (Crypt:1)
  2 big kobold zombies (Ossuary)
  An acid dragon zombie (Crypt:2)
  2 hound zombies (D:11)
  A naga skeleton (Geh:6)
  A hound skeleton (D:4)
  20 mummies
  A howler monkey zombie (D:8)
  8 gnolls
  16 adders
  4 river rats (Lair:1)
  A steam dragon skeleton (Crypt:1)
  2 shadow imps
  5 white imps
  3 ufetubi
  2 oozes
  A halfling zombie (Crypt:1)
  An adder skeleton (D:4)
  4 worms (D:3)
  A barachi skeleton (Crypt:1)
  2 dart slugs
  6 leopard geckos
  114 orcs
  2 ball pythons
  11 bats
  A bat skeleton (Crypt:2)
  9 giant cockroaches
  A gnoll zombie (Crypt:1)
  10 goblins
  6 hobgoblins
  14 jackals
  12 kobolds
  5 quokkas
  6 frilled lizards
  2 goblin zombies
  4 hobgoblin zombies (Ossuary)
  2 jackal zombies
  6 kobold zombies
  4 orc skeletons
  5 orc zombies (Ossuary)
  18 rats
  2 rat zombies (Ossuary)
  A crawling corpse (Vaults:4)
  2 lurking horrors (Abyss:3)
  6 starspawn tentacles
  A withered plant (Crypt:3)
2988 creatures vanquished.

Vanquished Creatures (collateral kills)
  An ancient lich (Zot:5)
  Mara (Elf:3)
  A greater mummy (Tomb:1)
  A curse toe (Zot:3)
  2 Killer Klowns (Zot:5)
  Nikola (Shoals:4)
  2 golden dragons
  8 Brimstone Fiends
  An electric golem (Zot:5)
  3 tentacled monstrosities
  A shard shrike skeleton (Crypt:2)
  4 Orb Guardians (Zot:5)
  A quicksilver dragon (Vaults:5)
  A deep elf master archer (Elf:3)
  4 acid blobs
  4 sphinxes (Tomb:1)
  A tentacled starspawn (Abyss:1)
  2 death cobs
  3 eldritch tentacles
  Roxanne (Shoals:4)
  A revenant (Tomb:1)
  4 fire giants
  A storm dragon (Zot:5)
  6 azure jellies
  A deep elf sorcerer (Elf:3)
  2 draconian monks
  A frost giant (Depths:5)
  2 balrugs
  An iron dragon (Vaults:5)
  A draconian knight (Zot:4)
  3 vault wardens
  4 draconian shifters
  A draconian stormcaller (Zot:2)
  3 ironheart preservers
  5 reapers
  An emperor scorpion (Spider:4)
  A ghoul (Crypt:1)
  2 war gargoyles
  4 stone giants
  5 very ugly things
  2 draconian annihilators (Zot:5)
  2 black draconians
  5 green draconians
  2 spark wasps (Depths:1)
  3 purple draconians
  3 yellow draconians
  A red draconian (shapeshifter) (Zot:1)
  2 red draconians (Zot:1)
  A blizzard demon (Hell)
  2 ettins
  A merfolk impaler (Shoals:4)
  3 merfolk javelineers
  A green death (Hell)
  A quicksilver dragon zombie (Geh:6)
  2 mummy priests (Tomb:1)
  2 deep elf death magi
  4 ogre magi
  A great orb of eyes (Slime:4)
  3 deep elf high priests (Elf:3)
  2 quicksilver dragon skeletons
  3 vault guards
  An anaconda (shapeshifter) (Vaults:5)
  A merfolk avatar (Shoals:4)
  3 ice dragons
  A rakshasa (Vaults:1)
  A merfolk aquamancer (Shoals:4)
  10 death scarabs (Tomb:1)
  An alligator snapping turtle (Shoals:4)
  3 deep troll earth magi
  8 two-headed ogres
  A satyr (Shoals:4)
  3 tengu warriors (Depths:1)
  A deep troll shaman (Depths:1)
  A titan zombie (Geh:5)
  2 vampire magi (Crypt:1)
  3 sun demons
  15 hell hogs
  2 soul eaters (Hell)
  A storm dragon zombie (Geh:7)
  27 hell knights
  3 shadow wraiths
  2 sixfirhies (Abyss:2)
  2 wretched stars (Abyss:3)
  3 titan skeletons
  5 skeletal warriors
  4 small abominations
  2 storm dragon skeletons
  2 anaconda zombies (Geh:7)
  2 sea snakes
  5 deep trolls
  An unseen horror (Vaults:1)
  2 ironbrand convokers
  3 anaconda skeletons
  4 flayed ghosts
  A ghost moth zombie (Geh:2)
  2 deep elf archers (Elf:3)
  A wizard (Elf:1)
  2 harpies
  A tengu zombie (D:15)
  4 orb spiders
  A shadow dragon skeleton (Vaults:5)
  11 necromancers
  A stone giant zombie (Geh:3)
  7 deep elf magi
  6 wolf spiders
  13 ugly things
  2 shining eyes
  3 cyclopes
  2 frost giant zombies
  3 fauns
  A shadow dragon zombie (Geh:1)
  4 manticores
  2 worldbinders
  2 fire giant skeletons
  3 merfolk sirens
  3 moths of wrath
  2 frost giant skeletons
  A stone giant skeleton (Crypt:1)
  A water nymph (Shoals:4)
  Joseph (Lair:1)
  A salamander (shapeshifter) (Vaults:5)
  A vault sentinel (Vaults:3)
  3 dire elephant zombies
  An eye of devastation (Slime:4)
  A molten gargoyle (Geh:7)
  A guardian serpent (Zot:1)
  A rust devil (Geh:3)
  Psyche (D:11)
  Maurice (D:8)
  A torpor snail (Spider:1)
  A black mamba (Lair:3)
  A smoke demon (Geh:3)
  A dire elephant skeleton (Geh:7)
  5 cane toads
  A hellion (Geh:7)
  2 tormentors
  7 yaktaurs
  4 demonic crawlers
  3 centaur skeletons
  5 freezing wraiths
  An anaconda simulacrum (IceCv)
  4 efreet
  An ice devil (Hell)
  4 guardian mummies (Tomb:1)
  A tengu conjurer (Depths:1)
  2 large abominations
  2 ancient zymes (Abyss:3)
  3 hydra zombies
  An iron troll skeleton (Crypt:2)
  8 red devils
  A troll (D:13)
  A tyrant leech (Lair:6)
  A harpy zombie (Zot:1)
  3 jumping spiders (Spider:3)
  8 merfolk
  Grinder (D:6)
  4 raiju
  5 snapping turtles
  A hornet (Spider:3)
  An ettin zombie (Geh:4)
  23 slime creatures
  2 blink frogs (Lair:6)
  2 dream sheep (Shoals:3)
  A harpy skeleton (Geh:2)
  A hydra skeleton (Geh:7)
  A hippogriff (Lair:5)
  8 water elementals
  2 black mamba zombies
  An ettin skeleton (Geh:3)
  3 fire dragon skeletons
  5 shadows
  5 redbacks
  An air elemental (Elf:3)
  10 flying skulls
  10 wraiths
  An ice dragon skeleton (Geh:7)
  7 yaks
  8 fire elementals
  A wyvern (D:15)
  An alligator skeleton (Geh:5)
  3 fire bats (Geh:3)
  5 vampire mosquitoes
  A warg (Orc:2)
  A merfolk zombie (Crypt:1)
  An insubstantial wisp (Lair:4)
  A floating eye (Slime:5)
  13 hell hounds
  A water moccasin (D:7)
  4 ice beasts
  8 orc warriors
  3 porcupines
  2 black bears
  A sky beast (D:7)
  3 starcursed masses (Abyss:2)
  A wolf (Lair:6)
  5 ogres
  A phantom (Geh:2)
  A snapping turtle zombie (Tomb:1)
  An eye of draining (Slime:4)
  5 necrophages
  A snapping turtle skeleton (Geh:3)
  3 crocodiles
  3 centaurs
  4 elf zombies
  5 bullfrogs
  An elf skeleton (D:7)
  6 killer bees
  34 wights
  2 bullfrog zombies
  2 centaur zombies
  2 hounds
  5 orc priests
  A bullfrog skeleton (D:6)
  3 jellies
  6 orc wizards
  2 human skeletons
  2 iguanas
  4 worker ants
  2 hell rats
  A killer bee zombie (Crypt:2)
  5 mummies (Tomb:1)
  2 worker ant zombies (D:6)
  2 adders
  3 shadow imps
  3 white imps
  An adder skeleton (D:6)
  2 adder zombies
  A dart slug (D:6)
  15 orcs
  A bat (D:10)
  2 quokkas
  5 hobgoblin zombies (Ossuary)
  8 kobolds
  4 kobold zombies (Ossuary)
  2 orc zombies (Ossuary)
  4 rats
  A butterfly (Zot:1)
742 creatures vanquished.

Vanquished Creatures (others)
  12 eldritch tentacles
  A draconian monk (Zot:4)
  A shadow dragon (Depths:5)
  A fire giant (Depths:5)
  A yaktaur captain (Vaults:3)
  A hell hog (Geh:2)
  A shadow dragon zombie (Geh:7)
  A deep elf archer (Elf:3)
  A yaktaur (Vaults:3)
  A flying skull (Geh:7)
  A shadow (Geh:6)
  A tarantella (Spider:2)
  A fire elemental (Geh:4)
  An ogre (Vaults:5)
  A small abomination (Abyss:3)
  A wight (Geh:3)
  46 knights
  4 ancestors
  12 bushes (Depths:5)
  17 fungi
  130 plants
  16 starspawn tentacles
  7 withered plants
259 creatures vanquished.

Grand Total: 3989 creatures vanquished

Notes
Turn   | Place    | Note
-------+----------+-------------------------------------------
     0 | D:1      | Apogee the Gnoll Venom Mage began the quest for the Orb.
     0 | D:1      | Reached XP level 1. HP: 13/13 MP: 6/6
   212 | D:1      | Reached XP level 2. HP: 16/19 MP: 1/7
   555 | D:1      | Reached XP level 3. HP: 25/25 MP: 7/9
   625 | D:1      | Reached skill level 5 in Spellcasting
  1099 | D:1      | Reached skill level 1 in Invocations
  1283 | D:2      | Found a stormy altar of Qazlal.
  1485 | D:2      | Reached skill level 1 in Fighting
  1485 | D:2      | Reached skill level 1 in Short Blades
  1485 | D:2      | Reached skill level 1 in Long Blades
  1485 | D:2      | Reached skill level 1 in Axes
  1485 | D:2      | Reached skill level 1 in Maces & Flails
  1485 | D:2      | Reached skill level 1 in Polearms
  1485 | D:2      | Reached skill level 1 in Staves
  1485 | D:2      | Reached skill level 1 in Slings
  1485 | D:2      | Reached skill level 1 in Bows
  1485 | D:2      | Reached skill level 1 in Crossbows
  1485 | D:2      | Reached skill level 1 in Throwing
  1485 | D:2      | Reached skill level 1 in Armour
  1485 | D:2      | Reached skill level 1 in Shields
  1485 | D:2      | Reached skill level 1 in Unarmed Combat
  1485 | D:2      | Reached skill level 1 in Evocations
  1535 | D:2      | Reached XP level 4. HP: 30/32 MP: 4/11
  1710 | D:2      | Learned a level 2 spell: Poisonous Vapours
  1927 | D:2      | Reached skill level 1 in Conjurations
  1927 | D:2      | Reached skill level 1 in Hexes
  1927 | D:2      | Reached skill level 1 in Summonings
  1927 | D:2      | Reached skill level 1 in Necromancy
  1927 | D:2      | Reached skill level 1 in Translocations
  1927 | D:2      | Reached skill level 1 in Fire Magic
  1927 | D:2      | Reached skill level 1 in Ice Magic
  1927 | D:2      | Reached skill level 1 in Air Magic
  1927 | D:2      | Reached skill level 1 in Earth Magic
  2162 | D:2      | Noticed Terence
  2168 | D:2      | Killed Terence
  2168 | D:2      | Reached XP level 5. HP: 37/37 MP: 7/12
  2526 | D:3      | Noticed a black bear
  2538 | D:3      | Killed a black bear
  2538 | D:3      | Reached XP level 6. HP: 32/44 MP: 2/13
  2947 | D:3      | Noticed Natasha
  2956 | D:3      | Killed Natasha
  3243 | D:3      | Reached skill level 5 in Dodging
  3606 | D:3      | Learned a level 3 spell: Ignite Poison
  3683 | D:3      | Noticed Natasha
  3686 | D:3      | Killed Natasha
  3884 | D:3      | Noticed Natasha
  3893 | D:3      | Killed Natasha
  4339 | D:4      | Reached XP level 7. HP: 50/50 MP: 8/15
  4597 | D:4      | Noticed Edmund
  4608 | D:4      | Killed Edmund
  4608 | D:4      | Reached skill level 5 in Stealth
  5210 | D:4      | Found a sacrificial altar of Ru.
  5283 | D:4      | Found a staircase to the Ecumenical Temple.
  5302 | Temple   | Entered the Ecumenical Temple
  5348 | Temple   | Became a worshipper of Hepliaklqana the Forgotten
  5520 | D:5      | Entered Level 5 of the Dungeon
  5559 | D:4      | Learned a level 3 spell: Mephitic Cloud
  5684 | D:5      | Reached XP level 8. HP: 35/51 MP: 8/16
  6237 | D:5      | Learned a level 4 spell: Olgreb's Toxic Radiance
  6246 | D:5      | Noticed Duvessa
  6262 | D:5      | Noticed Dowan
  6280 | D:5      | Killed Duvessa
  6298 | D:5      | Killed Dowan
  6983 | D:6      | Reached * piety under Hepliaklqana
  7136 | D:6      | Found a hide-covered altar of Uskayaw.
  7161 | D:6      | Noticed Sigmund
  7172 | D:6      | Killed Sigmund
  7172 | D:6      | Reached XP level 9. HP: 49/58 MP: 12/18
  7278 | D:6      | Noticed a hornet
  7286 | D:6      | Killed a hornet
  7307 | D:6      | Learned a level 2 spell: Blink
  7420 | D:6      | Found a snail-covered altar of Cheibriados.
  7438 | D:6      | Reached skill level 6 in Stealth
  7495 | D:6      | Noticed Grinder
  7529 | D:6      | Killed Grinder
  7654 | D:6      | Noticed Menkaure
  7668 | D:6      | Killed Menkaure
  7693 | D:6      | Noticed Maggie
  7701 | D:6      | Killed Maggie
  7701 | D:6      | Reached skill level 5 in Invocations
  8360 | D:7      | Found a sand-covered staircase.
  8367 | Ossuary  | Entered an ossuary
  8913 | Ossuary  | Reached XP level 10. HP: 50/65 MP: 20/20
  9224 | D:7      | Reached skill level 5 in Fighting
  9224 | D:7      | Reached skill level 5 in Short Blades
  9224 | D:7      | Reached skill level 5 in Long Blades
  9224 | D:7      | Reached skill level 5 in Axes
  9224 | D:7      | Reached skill level 5 in Maces & Flails
  9224 | D:7      | Reached skill level 5 in Polearms
  9224 | D:7      | Reached skill level 5 in Staves
  9224 | D:7      | Reached skill level 5 in Slings
  9224 | D:7      | Reached skill level 5 in Bows
  9224 | D:7      | Reached skill level 5 in Crossbows
  9224 | D:7      | Reached skill level 5 in Throwing
  9224 | D:7      | Reached skill level 5 in Armour
  9224 | D:7      | Reached skill level 5 in Shields
  9224 | D:7      | Reached skill level 5 in Unarmed Combat
  9224 | D:7      | Reached skill level 5 in Evocations
  9487 | D:7      | Got a scorched wooden ring
  9494 | D:7      | Identified the ring "Tile" {rElec rC+ MR- Slay+3} (You
                  | found it on level 7 of the Dungeon)
  9513 | D:7      | Noticed Pikel
  9547 | D:7      | Killed Pikel
  9663 | D:7      | Reached ** piety under Hepliaklqana
  9664 | D:7      | Remembered your ancestor Cruncher as a knight
 10170 | D:7      | Found a shadowy altar of Dithmenos.
 10199 | D:7      | Identified the +7 ring mail of Impressiveness {MP+9}
 10369 | D:8      | Reached skill level 5 in Transmutations
 10576 | D:8      | Reached skill level 7 in Stealth
 10895 | D:8      | Noticed Maurice
 10936 | D:8      | Killed Maurice
 11057 | D:8      | Reached *** piety under Hepliaklqana
 11203 | D:8      | Found a shadowy altar of Dithmenos.
 11780 | D:9      | Found a burning altar of Makhleb.
 11783 | D:9      | Noticed a blizzard demon
 11787 | D:9      | Found a glowing silver altar of Zin.
 11788 | D:9      | Noticed an angel
 11801 | D:9      | Noticed Harold
 11818 | D:9      | Killed Harold
 11818 | D:9      | Reached XP level 11. HP: 66/72 MP: 21/22
 11874 | D:9      | Found Nikhott's Jewellery Boutique.
 11926 | D:9      | Found Pourafebyna's Distillery.
 11929 | D:9      | Bought a potion of haste for 120 gold pieces
 11929 | D:9      | Bought a potion of mutation for 96 gold pieces
 11960 | D:9      | Found a shimmering altar of Xom.
 12010 | D:9      | Reached skill level 5 in Conjurations
 12010 | D:9      | Reached skill level 5 in Hexes
 12010 | D:9      | Reached skill level 5 in Summonings
 12010 | D:9      | Reached skill level 5 in Necromancy
 12010 | D:9      | Reached skill level 5 in Translocations
 12010 | D:9      | Reached skill level 5 in Fire Magic
 12010 | D:9      | Reached skill level 5 in Ice Magic
 12010 | D:9      | Reached skill level 5 in Air Magic
 12010 | D:9      | Reached skill level 5 in Earth Magic
 12012 | D:9      | Noticed Gastronok
 12042 | D:9      | Killed Gastronok
 12042 | D:9      | Reached skill level 8 in Stealth
 12225 | D:9      | Found Jezoyn's Gadget Shop.
 12298 | D:10     | Entered Level 10 of the Dungeon
 13241 | D:11     | Got a faintly humming leather armour
 13252 | D:11     | Identified the +1 leather armour "Ruipylo" {MR++} (You
                  | found it on level 11 of the Dungeon)
 13357 | D:11     | Noticed a cyclops
 13365 | D:11     | Killed a cyclops
 13628 | D:11     | Noticed a cyclops
 13672 | D:11     | Killed a cyclops
 13711 | D:11     | Noticed Psyche
 13724 | D:11     | Killed Psyche
 13969 | D:11     | Reached **** piety under Hepliaklqana
 13985 | D:11     | Reached skill level 9 in Stealth
 13987 | D:11     | Noticed a death yak
 13987 | D:11     | Noticed a death yak
 13989 | D:11     | Noticed a purple ugly thing
 13992 | D:11     | Noticed a death yak
 14002 | D:11     | Killed an unseen horror
 14002 | D:11     | Reached XP level 12. HP: 75/80 MP: 19/24
 14002 | D:11     | Killed a death yak
 14005 | D:11     | Killed a death yak
 14005 | D:11     | Killed a death yak
 14014 | D:11     | Found a staircase to the Lair.
 15433 | D:12     | Reached skill level 10 in Stealth
 15606 | D:12     | Found a staircase to the Orcish Mines.
 15898 | D:13     | Noticed a yaktaur captain
 16149 | D:13     | Killed a yaktaur captain
 16342 | D:13     | Found Gonecu Ariq's Weapon Shop.
 16420 | D:13     | Noticed a centaur warrior
 16431 | D:13     | Killed a centaur warrior
 16431 | D:13     | Reached XP level 13. HP: 36/88 MP: 26/26
 18857 | Lair:1   | Entered Level 1 of the Lair of Beasts
 18857 | Lair:1   | Noticed Joseph
 18867 | Lair:1   | Killed Joseph
 19233 | Lair:1   | Reached ***** piety under Hepliaklqana
 19435 | Lair:1   | Reached skill level 11 in Stealth
 20018 | Lair:2   | Noticed Urug
 20024 | Lair:2   | Killed Urug
 21895 | Lair:4   | Reached ****** piety under Hepliaklqana
 22223 | Lair:4   | Reached skill level 10 in Spellcasting
 22576 | Lair:4   | Found a hole to the Spider Nest.
 22876 | Lair:4   | Found a staircase to the Shoals.
 23293 | Lair:5   | Reached XP level 14. HP: 89/95 MP: 28/28
 23475 | Lair:5   | Reached skill level 10 in Dodging
 23719 | D:9      | Bought the amulet "Upui" {Fragile rElec Regen+ Dex+6
                  | Slay+6} for 1066 gold pieces
 24084 | Lair:5   | Found a viscous altar of Jiyva.
 24085 | Lair:5   | Found a staircase to the Slime Pits.
 24343 | Lair:6   | Entered Level 6 of the Lair of Beasts
 24446 | Lair:6   | Reached skill level 12 in Stealth
 24691 | Lair:6   | Reached skill level 10 in Invocations
 25696 | D:13     | Found a gate to the Vaults.
 25846 | Orc:1    | Entered Level 1 of the Orcish Mines
 25846 | Orc:1    | Noticed Jorgrun
 25854 | Orc:1    | Killed Jorgrun
 25938 | Orc:1    | Noticed Erica
 25945 | Orc:1    | Killed Erica
 26567 | Orc:2    | Entered Level 2 of the Orcish Mines
 26781 | Orc:2    | Found a roughly hewn altar of Beogh.
 26843 | Orc:2    | Found a roughly hewn altar of Beogh.
 27115 | Orc:2    | Noticed Saint Roka
 27139 | Orc:2    | Killed Saint Roka
 27139 | Orc:2    | Reached XP level 15. HP: 45/103 MP: 0/29
 27323 | Orc:2    | Found Obriczin's Antique Armour Shoppe.
 27324 | Orc:2    | Found a roughly hewn altar of Beogh.
 27326 | Orc:2    | Found Dorphorr's Antique Weapon Emporium.
 27447 | Orc:2    | Found a staircase to the Elven Halls.
 27447 | Orc:2    | Noticed an orc warlord
 27467 | Orc:2    | Killed an orc warlord
 27600 | Orc:2    | Found a roughly hewn altar of Beogh.
 27664 | Orc:2    | Found Otzuluecs's Book Shoppe.
 27721 | Orc:2    | Reached skill level 13 in Stealth
 27835 | Orc:2    | Found a roughly hewn altar of Beogh.
 27898 | Orc:2    | Found a roughly hewn altar of Beogh.
 27900 | Orc:2    | Found Idoeniad's Weapon Shop.
 28431 | Shoals:1 | Entered Level 1 of the Shoals
 28476 | Shoals:1 | Reached skill level 10 in Poison Magic
 28636 | Shoals:1 | Found a runed translucent gate.
 28653 | Shoals:1 | Noticed Hymn's ghost (journeyman DDFi)
 28714 | Shoals:1 | Found a runed translucent gate.
 28714 | Shoals:1 | Found a runed translucent gate.
 28775 | Shoals:1 | Reached skill level 10 in Fighting
 28775 | Shoals:1 | Reached skill level 10 in Short Blades
 28775 | Shoals:1 | Reached skill level 10 in Long Blades
 28775 | Shoals:1 | Reached skill level 10 in Axes
 28775 | Shoals:1 | Reached skill level 10 in Maces & Flails
 28775 | Shoals:1 | Reached skill level 10 in Polearms
 28775 | Shoals:1 | Reached skill level 10 in Staves
 28775 | Shoals:1 | Reached skill level 10 in Slings
 28775 | Shoals:1 | Reached skill level 10 in Bows
 28775 | Shoals:1 | Reached skill level 10 in Crossbows
 28775 | Shoals:1 | Reached skill level 10 in Throwing
 28775 | Shoals:1 | Reached skill level 10 in Armour
 28775 | Shoals:1 | Reached skill level 10 in Shields
 28775 | Shoals:1 | Reached skill level 10 in Unarmed Combat
 28775 | Shoals:1 | Reached skill level 10 in Evocations
 29278 | Shoals:1 | Found Yxiren's Antique Armour Boutique.
 30183 | Shoals:2 | Got a pitted great sword
 30202 | Shoals:2 | Identified a scroll of acquirement
 30203 | Shoals:2 | Acquired 1970 gold pieces
 30418 | Orc:2    | Bought the +8 lance "Wyrmbane" {slay drac, rPois rF+ rC+
                  | AC+3} for 1292 gold pieces
 30418 | Orc:2    | Found the +8 lance "Wyrmbane" {slay drac, rPois rF+ rC+
                  | AC+3}
 30454 | Orc:2    | Bought a book of the Tempests for 910 gold pieces
 31231 | Shoals:3 | Noticed Bai Suzhen
 31357 | Shoals:4 | Entered Level 4 of the Shoals
 31359 | Shoals:4 | Identified Roxanne's Catalogue of Transmigration
 31359 | Shoals:4 | Noticed Roxanne
 31365 | Shoals:4 | Noticed Nikola
 31542 | Shoals:4 | Reached XP level 16. HP: 55/110 MP: 23/31
 31752 | Shoals:4 | Identified the ring of Elyvilon's Respect {rC- rN+ Str+5
                  | Dex+4 Stlth-}
 31841 | Shoals:4 | HP: 2/111 [satyr/arrow (13)]
 31847 | Shoals:4 | Reached skill level 14 in Stealth
 32299 | Shoals:4 | Learned a level 5 spell: Iskenderun's Battlesphere
 32306 | Shoals:4 | Learned a level 6 spell: Iron Shot
 32610 | Shoals:4 | HP: 3/111 [satyr/sling bullet (24)]
 33508 | Shoals:4 | Killed Nikola
 33663 | Shoals:4 | Got a barnacled rune of Zot
 33769 | Shoals:3 | Noticed Polyphemus
 34012 | Spider:1 | Entered Level 1 of the Spider Nest
 34192 | Spider:1 | Learned a level 4 spell: Iskenderun's Mystic Blast
 34383 | Spider:1 | Got a steaming ring mail
 34394 | Spider:1 | Identified the +2 ring mail of Uhowasm {rElec rPois Dex+3}
                  | (You found it on level 1 of the Spider Nest)
 34719 | Spider:1 | Reached XP level 17. HP: 111/117 MP: 29/33
 35780 | Spider:2 | Reached skill level 15 in Stealth
 35904 | Spider:2 | Reached skill level 10 in Transmutations
 36182 | Spider:2 | Noticed Kirke
 36194 | Spider:2 | Killed Kirke
 36566 | Spider:3 | Found the +2 hat of the Bear Spirit {Spirit, +Rage rN+
                  | MR++}
 36931 | Spider:3 | Got a transparent quarterstaff
 37100 | Spider:4 | Entered Level 4 of the Spider Nest
 37176 | Spider:4 | Reached skill level 10 in Conjurations
 37176 | Spider:4 | Reached skill level 10 in Hexes
 37176 | Spider:4 | Reached skill level 10 in Summonings
 37176 | Spider:4 | Reached skill level 10 in Necromancy
 37176 | Spider:4 | Reached skill level 10 in Translocations
 37176 | Spider:4 | Reached skill level 10 in Fire Magic
 37176 | Spider:4 | Reached skill level 10 in Ice Magic
 37176 | Spider:4 | Reached skill level 10 in Air Magic
 37176 | Spider:4 | Reached skill level 10 in Earth Magic
 38282 | Spider:4 | Reached XP level 18. HP: 103/126 MP: 1/34
 38716 | Spider:4 | Got a gossamer rune of Zot
 39191 | Elf:1    | Entered Level 1 of the Elven Halls
 39596 | Elf:1    | Noticed Agnes
 39610 | Elf:1    | Killed Agnes
 39610 | Elf:1    | Reached skill level 16 in Stealth
 39898 | Elf:1    | Found a frozen archway.
 39911 | IceCv    | Entered an ice cave
 40527 | Elf:1    | Noticed a Hell Sentinel
 40898 | Elf:1    | Identified Ts'ui Pên's Tome of Forking Paths
 40915 | Elf:1    | Identified Sif Muna's Volume of Sand
 40922 | Elf:1    | Identified the Grimoire of Combed Thunderclap
 41243 | Elf:2    | Found a huge runed translucent gate.
 41243 | Elf:2    | Found a huge runed translucent gate.
 41244 | Elf:2    | Found a huge runed translucent gate.
 41244 | Elf:2    | Found a huge runed translucent gate.
 41254 | Elf:2    | Found a huge runed translucent gate.
 41730 | Elf:3    | Entered Level 3 of the Elven Halls
 41959 | Elf:3    | Reached XP level 19. HP: 132/132 MP: 36/36
 42123 | Elf:3    | Found a runed translucent door.
 42216 | Elf:3    | Noticed Alarkh's ghost (adept DsFi)
 42233 | Elf:3    | Noticed Mara
 42323 | Elf:3    | Noticed Apogee's illusion
 42523 | Elf:3    | Noticed Apogee's illusion
 42706 | Elf:3    | Noticed Apogee's illusion
 42826 | Elf:3    | Noticed Apogee's illusion
 43126 | Elf:3    | Noticed a Brimstone Fiend
 43566 | Elf:3    | Identified the ring "Dase" {rPois rC- MR+ Str+7}
 43750 | Elf:3    | Reached skill level 17 in Stealth
 44795 | D:14     | Learned a level 4 spell: Passage of Golubria
 44976 | D:14     | Got an ancient scimitar
 44978 | D:14     | Identified the +1 scimitar "Muliw" {vorpal, rN++ MR- Int+4}
                  | (You found it on level 14 of the Dungeon)
 44989 | D:14     | Learned a level 5 spell: Borgnjor's Vile Clutch
 45270 | D:14     | Found the +8 autumn katana {vorpal, Clar}
 45292 | D:14     | Found the +8 trident of the Octopus King {venom, rElec
                  | rPois MR+}
 45362 | D:14     | Got a bone short sword
 45603 | D:15     | Entered Level 15 of the Dungeon
 45779 | D:15     | Found a staircase to the Depths.
 46320 | D:15     | Found a shattered altar of Ashenzari.
 46864 | Vaults:1 | Entered Level 1 of the Vaults
 46884 | Vaults:1 | Reached XP level 20. HP: 136/140 MP: 37/37
 48067 | Vaults:1 | Found Leril's Book Emporium.
 48170 | Vaults:1 | Got a translucent morningstar
 48379 | Vaults:1 | Noticed Aizul
 48397 | Vaults:1 | Killed Aizul
 49225 | Vaults:2 | Reached skill level 18 in Stealth
 50176 | Vaults:3 | Reached XP level 21. HP: 147/147 MP: 20/39
 50185 | Vaults:3 | Learned a level 7 spell: Orb of Destruction
 50978 | Vaults:3 | Found a staircase to the Crypt.
 51099 | Vaults:3 | Got a glimmering plate armour
 51100 | Vaults:3 | Identified the cursed +0 plate armour of a bazaar {+Fly}
                  | (You found it on level 3 of the Vaults)
 51109 | Vaults:3 | Reached skill level 15 in Invocations
 52691 | Vaults:4 | Reached skill level 15 in Spellcasting
 52738 | Vaults:4 | Reached XP level 22. HP: 140/154 MP: 41/41
 53071 | Depths:1 | Entered Level 1 of the Depths
 53075 | Depths:1 | Reached skill level 19 in Stealth
 53138 | Depths:1 | Found a gateway to Hell.
 53221 | Depths:1 | Reached skill level 15 in Dodging
 53585 | Depths:1 | Found a radiant altar of Vehumet.
 54519 | Depths:2 | Found a one-way gate leading to the halls of Pandemonium.
 54883 | Depths:2 | Found a one-way gate to the infinite horrors of the Abyss.
 55461 | Depths:2 | Found a shimmering blue altar of Sif Muna.
 55916 | Depths:3 | Found a runed translucent door.
 56090 | Depths:3 | Found Gumm's Distillery.
 56104 | Depths:3 | Bought a potion of cancellation for 176 gold pieces
 56104 | Depths:3 | Bought a potion of haste for 220 gold pieces
 56104 | Depths:3 | Bought a potion of heal wounds for 110 gold pieces
 56575 | Depths:3 | Reached XP level 23. HP: 148/162 MP: 42/42
 57018 | Depths:3 | Got a scorched chain mail
 57019 | Depths:3 | Identified the cursed +0 chain mail of Card Tricks {+Fly}
                  | (You found it on level 3 of the Depths)
 57274 | Depths:3 | Found Kohir's Magic Scroll Shoppe.
 57281 | Depths:3 | Bought a scroll of silence for 150 gold pieces
 57369 | Depths:4 | Reached skill level 15 in Fighting
 57369 | Depths:4 | Reached skill level 15 in Short Blades
 57369 | Depths:4 | Reached skill level 15 in Long Blades
 57369 | Depths:4 | Reached skill level 15 in Axes
 57369 | Depths:4 | Reached skill level 15 in Maces & Flails
 57369 | Depths:4 | Reached skill level 15 in Polearms
 57369 | Depths:4 | Reached skill level 15 in Staves
 57369 | Depths:4 | Reached skill level 15 in Slings
 57369 | Depths:4 | Reached skill level 15 in Bows
 57369 | Depths:4 | Reached skill level 15 in Crossbows
 57369 | Depths:4 | Reached skill level 15 in Throwing
 57369 | Depths:4 | Reached skill level 15 in Armour
 57369 | Depths:4 | Reached skill level 15 in Shields
 57369 | Depths:4 | Reached skill level 15 in Unarmed Combat
 57369 | Depths:4 | Reached skill level 15 in Evocations
 57738 | Depths:4 | Reached skill level 20 in Stealth
 58157 | Depths:4 | Noticed Louise
 58196 | Depths:4 | Killed Louise
 58325 | Depths:4 | Noticed Xtahua
 58332 | Depths:4 | Killed Xtahua
 58892 | Depths:5 | Entered Level 5 of the Depths
 58964 | Depths:5 | Noticed a caustic shrike
 59021 | Depths:5 | Killed a caustic shrike
 59064 | Depths:5 | Noticed a caustic shrike
 59068 | Depths:5 | Noticed a caustic shrike
 59069 | Depths:5 | Noticed a caustic shrike
 59070 | Depths:5 | Noticed a caustic shrike
 59479 | Slime:1  | Entered Level 1 of the Pits of Slime
 59529 | Slime:1  | Gained mutation: Your spells are a little easier to cast,
                  | but a little less powerful. [a shining eye]
 59533 | Slime:1  | Lost mutation: Your spells are a little easier to cast, but
                  | a little less powerful. [potion of mutation]
 59533 | Slime:1  | Gained mutation: You are agile. (Dex +2) [potion of
                  | mutation]
 59533 | Slime:1  | Gained mutation: You have a pair of small horns on your
                  | head. [potion of mutation]
 59533 | Slime:1  | Gained mutation: Your spells are a little harder to cast,
                  | but a little more powerful. [potion of mutation]
 59665 | Slime:2  | Gained mutation: You occasionally shout uncontrollably at
                  | your foes. [a shining eye]
 59705 | Slime:2  | Lost mutation: You have a pair of small horns on your head.
                  | [potion of mutation]
 59705 | Slime:2  | Lost mutation: You occasionally shout uncontrollably at
                  | your foes. [potion of mutation]
 59705 | Slime:2  | Lost mutation: You are agile. (Dex +2) [potion of mutation]
 59705 | Slime:2  | Gained mutation: You are somewhat resistant to further
                  | mutation. [potion of mutation]
 59908 | Slime:4  | Reached XP level 24. HP: 164/170 MP: 43/43
 60470 | Slime:5  | Entered Level 5 of the Pits of Slime
 60874 | Slime:5  | Noticed the Royal Jelly
 60882 | Slime:5  | Killed the Royal Jelly
 60931 | Slime:5  | Got a jewelled scale mail
 60932 | Slime:5  | Identified the cursed +0 scale mail "Ythoh" {Harm} (You
                  | found it on level 5 of the Pits of Slime)
 60946 | Slime:5  | Got a slimy rune of Zot
 60982 | Slime:5  | Got a flickering lapis lazuli ring
 60999 | Slime:5  | Identified the ring of Couherui {*Slow +Fly rN+ MP+9} (You
                  | found it on level 5 of the Pits of Slime)
 61008 | Slime:5  | Identified the Grimoire of Attacks and Stones
 61043 | Slime:5  | Learned a level 7 spell: Malign Gateway
 61534 | Depths:5 | Reached skill level 21 in Stealth
 61733 | Depths:5 | Killed a caustic shrike
 61738 | Depths:5 | Killed a caustic shrike
 61746 | Depths:5 | Killed a caustic shrike
 61748 | Depths:5 | Killed a caustic shrike
 61975 | Depths:5 | Found a gate to the Realm of Zot.
 61997 | Depths:5 | Reached XP level 25. HP: 138/177 MP: 40/43
 62180 | Depths:5 | Found a gateway to a ziggurat.
 62279 | Depths:5 | Found Daguif's Changing Room.
 62580 | Zot:1    | Entered Level 1 of the Realm of Zot
 63722 | Zot:1    | Noticed an orb of fire
 63863 | Zot:1    | Gained mutation: Potions are less effective at restoring
                  | your health. [an orb of fire]
 63886 | Zot:1    | Killed an orb of fire
 64366 | Zot:1    | Reached skill level 15 in Poison Magic
 65065 | Elf:3    | Noticed Apogee's illusion
 65088 | Elf:3    | Killed Mara
 65233 | Elf:3    | Found the +0 sword of Power
 65237 | Elf:3    | Identified the Compendium of Fiery Stones
 65268 | Elf:3    | Identified the Handbook of the Rocks and the Arsonist
 65976 | Zot:2    | Reached XP level 26. HP: 180/185 MP: 44/44
 66037 | Zot:2    | Reached skill level 22 in Stealth
 67321 | Zot:3    | Found a runed translucent door.
 67321 | Zot:3    | Noticed EnegeticOcto's ghost (adept DDFi)
 68467 | Zot:3    | Got a transparent great sword
 68468 | Zot:3    | Identified the +2 great sword of Defence {vorpal, +Fly
                  | Int+6 Stlth-} (You found it on level 3 of the Realm of Zot)
 68474 | Zot:3    | Got an encrusted dire flail
 69286 | Zot:4    | Reached skill level 15 in Transmutations
 69286 | Zot:4    | Reached XP level 27. HP: 163/193 MP: 0/44
 69380 | Zot:4    | Noticed an orb of fire
 69583 | Zot:4    | Killed an orb of fire
 69647 | Zot:4    | Reached skill level 15 in Conjurations
 69647 | Zot:4    | Reached skill level 15 in Hexes
 69647 | Zot:4    | Reached skill level 15 in Summonings
 69647 | Zot:4    | Reached skill level 15 in Necromancy
 69647 | Zot:4    | Reached skill level 15 in Translocations
 69647 | Zot:4    | Reached skill level 15 in Fire Magic
 69647 | Zot:4    | Reached skill level 15 in Ice Magic
 69647 | Zot:4    | Reached skill level 15 in Air Magic
 69647 | Zot:4    | Reached skill level 15 in Earth Magic
 69700 | Zot:4    | Noticed an orb of fire
 69736 | Zot:4    | Gained mutation: You are dopey. (Int -2) [an orb of fire]
 69739 | Zot:4    | Killed an orb of fire
 70150 | Zot:4    | Reached skill level 23 in Stealth
 70156 | Zot:4    | Lost mutation: You are dopey. (Int -2) [potion of mutation]
 70156 | Zot:4    | Lost mutation: Potions are less effective at restoring your
                  | health. [potion of mutation]
 70156 | Zot:4    | Gained mutation: Your magical capacity is low. (-10% MP)
                  | [potion of mutation]
 70488 | Zot:5    | Entered Level 5 of the Realm of Zot
 70743 | Zot:5    | Noticed an ancient lich
 70774 | Zot:5    | Killed an ancient lich
 70781 | Zot:5    | Noticed an ancient lich
 70784 | Zot:5    | Noticed an orb of fire
 71059 | Zot:5    | Gained mutation: You are dopey. (Int -2) [an orb of fire]
 71064 | Zot:5    | Gained mutation: Armour fits poorly on your strangely
                  | shaped body. [an orb of fire]
 71083 | Zot:4    | Killed an orb of fire
 71084 | Zot:4    | Lost mutation: You are dopey. (Int -2) [potion of mutation]
 71084 | Zot:4    | Lost mutation: Your magical capacity is low. (-10% MP)
                  | [potion of mutation]
 71084 | Zot:4    | Lost mutation: Your spells are a little harder to cast, but
                  | a little more powerful. [potion of mutation]
 71084 | Zot:4    | Lost mutation: You are somewhat resistant to further
                  | mutation. [potion of mutation]
 71084 | Zot:4    | Lost mutation: Armour fits poorly on your strangely shaped
                  | body. [potion of mutation]
 71084 | Zot:4    | Gained mutation: You are partially covered in iridescent
                  | scales. (AC +2) [potion of mutation]
 71084 | Zot:4    | Gained mutation: Your spells are a little harder to cast,
                  | but a little more powerful. [potion of mutation]
 71205 | Zot:4    | Killed an ancient lich
 71348 | Zot:5    | Noticed an ancient lich
 71354 | Zot:5    | Killed an ancient lich
 71992 | Zot:5    | Noticed an orb of fire
 72733 | Zot:5    | Noticed an ancient lich
 72748 | Zot:5    | Killed an ancient lich
 72809 | Zot:5    | Noticed an ancient lich
 72811 | Zot:5    | Noticed an ancient lich
 72815 | Zot:5    | Killed an orb of fire
 73127 | Zot:5    | Killed an ancient lich
 73179 | Zot:5    | Killed an ancient lich
 73779 | Vaults:5 | Entered Level 5 of the Vaults
 73896 | Vaults:5 | Got a transparent marble ring
 73897 | Vaults:5 | Identified the ring "Qyiminen" {rPois MR+ rCorr} (You found
                  | it on level 5 of the Vaults)
 73921 | Vaults:5 | Noticed Jory
 73985 | Vaults:5 | Killed Jory
 74121 | Vaults:5 | Identified the ring "Peimn" {rC+ MP+9 Str+6 Dex-5}
 74149 | Vaults:5 | Identified the +8 spear of Compound Interest {pain, +Inv
                  | rN+ Dex+3}
 74253 | Vaults:5 | Identified the ring of the Freezing Saviour {rElec rF- MR+
                  | Str+3 Int+2}
 74286 | Vaults:5 | Identified Sif Muna's Papyrus of the Flamy Entourage
 74310 | Vaults:5 | Got a silver rune of Zot
 74435 | Vaults:5 | Got a buzzing broad axe
 74816 | Vaults:5 | Got a faintly glowing dire flail
 74887 | Vaults:5 | Noticed an ancient lich
 74897 | Vaults:5 | Killed an ancient lich
 75811 | Vaults:5 | Found Xoigegy's Gadget Shoppe.
 76117 | Crypt:1  | Entered Level 1 of the Crypt
 76251 | Crypt:1  | Learned a level 6 spell: Statue Form
 76287 | Crypt:1  | Reached skill level 24 in Stealth
 76804 | Vaults:5 | Identified the cursed +0 broad axe "Saexystra" {venom, rN++
                  | Str-2} (You found it on level 5 of the Vaults)
 77725 | Crypt:1  | Found the +6 Majin-Bo {vamp, MP+6 Int+6}
 78309 | Crypt:2  | Found a transporter.
 78319 | Crypt:2  | Noticed an ancient lich
 78321 | Crypt:2  | Found a transporter.
 78694 | Crypt:3  | Entered Level 3 of the Crypt
 79283 | Crypt:3  | Got a blackened long sword
 79284 | Crypt:3  | Identified the cursed +0 long sword "Wuk Vem" {vorpal,
                  | *Corrode Dex+3} (You found it on level 3 of the Crypt)
 79390 | Crypt:3  | Found a staircase to the Tomb.
 79519 | Crypt:3  | Found an ancient bone altar of Kikubaaqudgha.
 79556 | Crypt:3  | Noticed an ancient lich
 79564 | Crypt:3  | Killed an ancient lich
 79886 | Crypt:3  | Identified the Collected Works on Summoning and Black Arts
 80025 | Crypt:3  | Got a faintly glowing silver ring
 80025 | Crypt:3  | Got a bound iron ring
 80025 | Crypt:3  | Got a crude marble ring
 80026 | Crypt:3  | Identified the ring "Fukecepn" {rElec rN+ Str+3 Stlth+}
                  | (You found it on level 3 of the Crypt)
 80027 | Crypt:3  | Identified the ring of Rublimm {rElec rF+ rN+} (You found
                  | it on level 3 of the Crypt)
 80028 | Crypt:3  | Identified the ring "Zozetyce" {rF+ rN+} (You found it on
                  | level 3 of the Crypt)
 80443 | Tomb:1   | Entered Level 1 of the Tomb of the Ancients
 81155 | Tomb:1   | Noticed a greater mummy
 81172 | Tomb:1   | Killed a greater mummy
 81173 | Tomb:1   | Noticed a greater mummy
 81206 | Tomb:1   | Killed a greater mummy
 82535 | Depths:2 | Voluntarily entered the Abyss.
 82538 | Abyss:1  | Found a corrupted altar of Lugonu.
 82588 | Abyss:1  | Found a bloodstained altar of Trog.
 82992 | Abyss:1  | Acquired the +4 hat "Rufeh" {Str+10}
 83494 | Abyss:2  | Found a corrupted altar of Lugonu.
 84765 | Abyss:3  | Got an abyssal rune of Zot
 84786 | Depths:2 | Escaped the Abyss
 84973 | Hell     | Entered the Vestibule of Hell
 85100 | Hell     | Noticed Geryon
 85149 | Hell     | Killed Geryon
 85461 | Hell     | Found a gateway to the Iron City of Dis.
 85553 | Hell     | Found a gateway to the ashen valley of Gehenna.
 85683 | Hell     | Found a gateway to the decaying netherworld of Tartarus.
 85845 | Hell     | Found a gateway to the freezing wastes of Cocytus.
 86019 | Hell     | Learned a level 7 spell: Monstrous Menagerie
 86939 | Shoals:4 | Killed Roxanne
 86989 | Shoals:3 | Killed Polyphemus
 87108 | Shoals:3 | Found Gesuebb's Assorted Antiques.
 87117 | Shoals:3 | Found Luute's Assorted Antiques.
 87128 | Shoals:3 | Bought a scroll of acquirement for 1716 gold pieces
 87128 | Shoals:3 | Bought a scroll of teleportation for 99 gold pieces
 87128 | Shoals:3 | Bought a potion of heal wounds for 165 gold pieces
 87128 | Shoals:3 | Acquired the ring of Tajoletz {+Fly rF+ rC+ Str-3 Int+10}
 87141 | Shoals:3 | Bought a potion of heal wounds for 190 gold pieces
 87141 | Shoals:3 | Bought a potion of brilliance for 152 gold pieces
 87226 | Shoals:3 | Found Weonep's Armour Emporium.
 87237 | Shoals:3 | Found Huibbos's Gadget Boutique.
 87321 | Shoals:3 | Killed Bai Suzhen
 87527 | Shoals:3 | Learned a level 9 spell: Fire Storm
 87876 | Geh:1    | Entered Level 1 of Gehenna
 90859 | Geh:2    | Reached skill level 25 in Stealth
 92268 | Geh:3    | Cast into level 2 of the Abyss (hell knight)
 92320 | Abyss:2  | Found an ancient bone altar of Kikubaaqudgha.
 92334 | Geh:3    | Escaped the Abyss
 93516 | Coc:1    | Entered Level 1 of Cocytus
 93689 | Coc:1    | You fall into a shaft and drop 1 floor!
 94468 | Geh:7    | Entered Level 7 of Gehenna
 94793 | Geh:7    | HP: 8/266 [reaper/+2 vorpal scythe (7)]
 95851 | Geh:7    | HP: 2/205 [Brimstone Fiend/damnation (35)]
 95852 | Geh:7    | Demolished by a Brimstone Fiend

Illustrated notes

Levels and vault maps discovered:
D:1:      lemuel_arrival_hallway, layout_loops_corners, minmay_ruptured
D:2:      layout_loops_ring, grunt_qazlal_sundering, uniq_terence
D:3:      layout_basic, nicolae_underground_beach, uniq_natasha
D:4:      layout_cave_pools, minmay_temple_entry_waves, serial_rivers,
          chequers_serial_rivers_room_a, chequers_serial_rivers_room_b,
          chequers_serial_rivers_micro_e, chequers_serial_rivers_marsh,
          chequers_serial_rivers_micro_d, nicolae_ru_path_of_blood, uniq_edmund
D:5:      layout_basic, uniq_duvessa
D:6:      layout_basic, kennysheep_slug_shrine, nicolae_overflow_hidden_temple,
          serial_park_tiny_1, uniq_maggie, uniq_sigmund, uniq_menkaure,
          uniq_grinder
D:7:      layout_loops_ring, nicolae_ossuary_entry_catacombs,
          grunt_dithmenos_smoke, uniq_pikel
D:8:      layout_basic, lemuel_coloured_pillars_altar, minmay_manual_mares,
          uniq_maurice
D:9:      layout_gridville, grunt_temple_overflow_order_and_chaos_2,
          old_standard_altar, serial_shops, shop, kennysheep_mini_moat, shop,
          uniq_harold, uniq_gastronok
D:10:     old_forge, layout_irregular_city
D:11:     layout_roguey, dpeg_lair_monsters, serial_park_tiny_2, uniq_psyche
D:12:     layout_small_grid, hiddenorc1_lemuel
D:13:     layout_stronghold, david_vaults_2, serial_shops, kennysheep_little_box
D:14:     layout_long_grid
D:15:     gammafunk_depths_entry_grave, layout_irregular_city, ashenzari_altar_1
Temple:   regret_index_temple_waves
Lair:1:   layout_gridlike, kennysheep_abandoned_house, uniq_joseph
Lair:2:   layout_hall_layers, beast_lair_carwin_10, uniq_urug
Lair:3:   layout_long_grid, serial_bayou_shore_a, infiniplex_staircase_pool_2
Lair:4:   layout_regular_city, minmay_shoals_entry_lonely_mermaid,
          spider_nest_entry_rubble, pond
Lair:5:   layout_loops_ring, dpeg_slime_entry_enclosed_altar,
          kennysheep_catoblepas_arena, lemuel_fruit_tree
Lair:6:   minmay_lair_end_frog_pond, layout_cave_shapes
Shoals:1: layout_shoals, gammafunk_ghost_split, serial_shops, nicolae_shop_stone
Shoals:2: layout_shoals
Shoals:3: cheibrodos_shoals_oceanic_diplomacy, layout_shoals, serial_shops,
          shop, shop_fountains, shop, nicolae_shop_competitors_out_of_business,
          uniq_polyphemus, uniq_bai_suzhen
Shoals:4: shoals_end_simple, layout_shoals, hangedman_shoals_cup_caves,
          uniq_roxanne, uniq_nikola
Spider:1: layout_chambers
Spider:2: layout_spider_delve, uniq_kirke
Spider:3: layout_spider_delve
Spider:4: guppyfry_spider_rune
Slime:1:  layout_caves
Slime:2:  layout_caves
Slime:3:  layout_caves, cheibrodos_slime_lost_civilization_5
Slime:4:  layout_caves
Slime:5
Orc:1:    layout_diamond_mine, uniq_jorgrun, uniq_erica
Orc:2:    grunt_orc_community_town_hall, layout_caves,
          grunt_orc_community_big_house_1, grunt_orc_community_big_house_2,
          grunt_orc_community_house_3, grunt_orc_community_house_2,
          grunt_orc_community_house_2, grunt_orc_community_house_3,
          grunt_orc_community_house_2, grunt_orc_community_house_2
Elf:1:    minmay_elf_arrival_plus, layout_loops_corners,
          portal_ice_cave_entry_ugly_swarm, st_stairs_14,
          small_chamber_with_monster, bh_hangedman_babel_library, uniq_agnes
Elf:2:    layout_loops_cross, hangedman_elf_disciples
Elf:3:    minmay_elf_hall_curves, layout_loops_cross,
          ebering_ghost_reflecting_pool, fake_guardian_serpent_vault, uniq_mara
Vaults:1: ontoclasm_vaults_ring_large, vaults_room_hallway,
          nicolae_vaults_border_crossing, nicolae_vaults_specimen_jars,
          ontoclasm_vaults_echo, ontoclasm_vaults_gateway, v_misc_3,
          vaults_room_grunt_arrival_ludios, v_misc_1,
          hangedman_vaults_river_flow, v_alt_pattern_2,
          ontoclasm_vaults_loading_screen, serial_ice_g, vaults_mumra_lcd,
          nicolae_vaults_ring_of_whatevers, vaults_room_hallway,
          layout_vaults_omnicross, serial_shops, nicolae_shop_statue_plus,
          uniq_aizul
Vaults:2: nicolae_vaults_little_squares_1, nicolae_vaults_disjoint_gnomons,
          v_misc_33, v_rooms_3, serial_ice_b, nicolae_vaults_shelves_hall,
          ontoclasm_vaults_spin, v_misc_26, layout_vaults_omnigrid
Vaults:3: minmay_crypt_entry_simple_box, vaults_room_pool, v_misc_33,
          grunt_vaults_funnel, v_rooms_4, nicolae_vaults_statue_guard,
          vaults_dpeg_diagonal, nicolae_vaults_ring_of_whatevers,
          ontoclasm_vaults_ring_large, nicolae_vaults_twisting_passages,
          vaults_standard_mumra_enter_the_diamond,
          nicolae_vaults_diagonal_hallway_8, vaults_mumra_hex, v_misc_22,
          vaults_room_pools, ontoclasm_vaults_twist, layout_vaults_omnibox
Vaults:4: vaults_room_pools, v_misc_14, grunt_vaults_bifocal,
          nicolae_vaults_mini_display_case, v_rooms_4, v_misc_2,
          grunt_vaults_diagonal, v_rooms_1, vaults_mumra_minichess,
          vaults_dpeg_cross, layout_vaults_big_room, uniq_margery
Vaults:5: uniq_jory
Crypt:1:  minmay_guarded_unrand_majin_bo, layout_basic
Crypt:2:  gammafunk_the_bubble [the_bubble_gammafunk_split],
          layout_misc_corridors, serial_sigils_hangedman_etch,
          ebering_dispersal_statue_hall
Crypt:3:  quadcrypt_mu
Tomb:1
Depths:1: layout_cave_shapes, hell_entry, minmay_misc_feat_rows,
          chequers_serial_rivers_micro_e, grunt_tower_of_power
Depths:2: minmay_crystal_thing, layout_basic, hell_entry,
          grunt_pan_entry_zigzag, kennysheep_path_1,
          abyss_entry_small_statue_room, minivault_16, st_stairs_8,
          kennysheep_generic_room_5
Depths:3: minmay_slanted_spiral_squares, layout_gridlike,
          grunt_pan_entry_in_and_out, lightli_too_deep, abyss_entry,
          infiniplex_staircase_hallway_doors, serial_shops, nicolae_shop_stone,
          nicolae_shop_stone, statue_in_the_mist_lemuel, dk_noncrumbling_4,
          minmay_acid_items
Depths:4: hangedman_stitches_corridor, layout_cross,
          hangedman_abyss_or_decor_stabs,
          nicolae_abyss_entry_one_way_or_another, hell_entry,
          hangedman_decor_growths, minmay_misc_feat_secret_circle, uniq_xtahua
Depths:5: grunt_crosshair, layout_cave_pools, enter_ziggurat_b,
          infiniplex_enter_wizlab_spiral, serial_bayou_pond_d,
          pf_hell_entry_great_geh, nicolae_transmutations_shop,
          minmay_hedge_maze, uniq_saint_roka
Hell
Geh:1:    layout_gehenna_pools_box, nicolae_geh_fiery_graves
          [nicolae_geh_single_fiery_grave, nicolae_geh_single_fiery_grave,
          nicolae_geh_single_fiery_grave, nicolae_geh_single_fiery_grave,
          nicolae_geh_single_fiery_grave, nicolae_geh_single_fiery_grave,
          nicolae_geh_single_fiery_grave, nicolae_geh_single_fiery_grave,
          nicolae_geh_single_fiery_grave], lemuel_hellion_isle
Geh:2:    layout_gehenna_lava_caves
Geh:3:    layout_gehenna_lava_caves
Geh:4:    layout_gehenna_pools_triple, grunt_megastairs_5
Geh:5:    layout_gehenna_lava_caves
Geh:6:    layout_gehenna_pools_basic
Geh:7:    geh_hangedman
Coc:1:    layout_ice_bergs, serial_ice, serial_ice_a, serial_ice_h
Coc:2:    layout_ice_bergs
Zot:1:    hangedman_orp_of_zott, layout_basic
Zot:2:    layout_gridlike
Zot:3:    layout_twisted_circle, gammafunk_ghost_grave, st_single_dragon_hoard_1
Zot:4:    kennysheep_room_grid, layout_basic, zot_minivault_1
Zot:5:    layout_basic

Skill      XL: |  1  2  3  4  5  6  7  8  9 10 11 12 13 14 15 16 17 18 19 20 21 22 23 24 25 26 27 |
---------------+----------------------------------------------------------------------------------+-----
Transmutations | 2 3 4 5 6 7 8 9 10 11 12 13 14 15 18 | 18.5
Spellcasting   | 5 6 7 8 9 10 11 12 13 14 15 16 17 21 | 21.5
Invocations    | 1 2 3 4 5 6 7 8 9 10 11 12 13 14 15 16 17 18 22 | 22.7
Fighting       | 1 2 3 4 5 6 7 8 9 10 11 12 13 14 15 16 17 21 | 21.2
Short Blades   | 1 2 3 4 5 6 7 8 9 10 11 12 13 14 15 16 17 21 | 21.2
Long Blades    | 1 2 3 4 5 6 7 8 9 10 11 12 13 14 15 16 17 21 | 21.2
Axes           | 1 2 3 4 5 6 7 8 9 10 11 12 13 14 15 16 17 21 | 21.2
Maces & Flails | 1 2 3 4 5 6 7 8 9 10 11 12 13 14 15 16 17 21 | 21.2
Polearms       | 1 2 3 4 5 6 7 8 9 10 11 12 13 14 15 16 17 21 | 21.2
Staves         | 1 2 3 4 5 6 7 8 9 10 11 12 13 14 15 16 17 21 | 21.2
Slings         | 1 2 3 4 5 6 7 8 9 10 11 12 13 14 15 16 17 21 | 21.2
Bows           | 1 2 3 4 5 6 7 8 9 10 11 12 13 14 15 16 17 21 | 21.2
Crossbows      | 1 2 3 4 5 6 7 8 9 10 11 12 13 14 15 16 17 21 | 21.2
Throwing       | 1 2 3 4 5 6 7 8 9 10 11 12 13 14 15 16 17 21 | 21.2
Armour         | 1 2 3 4 5 6 7 8 9 10 11 12 13 14 15 16 17 21 | 21.2
Shields        | 1 2 3 4 5 6 7 8 9 10 11 12 13 14 15 16 17 21 | 21.2
Unarmed Combat | 1 2 3 4 5 6 7 8 9 10 11 12 13 14 15 16 17 21 | 21.2
Evocations     | 1 2 3 4 5 6 7 8 9 10 11 12 13 14 15 16 17 21 | 21.2
Conjurations   | 1 2 3 4 5 6 7 8 9 10 11 12 13 14 18 | 18.4
Hexes          | 1 2 3 4 5 6 7 8 9 10 11 12 13 14 18 | 18.4
Summonings     | 1 2 3 4 5 6 7 8 9 10 11 12 13 14 18 | 18.4
Necromancy     | 1 2 3 4 5 6 7 8 9 10 11 12 13 14 18 | 18.4
Translocations | 1 2 3 4 5 6 7 8 9 10 11 12 13 14 18 | 18.4
Fire Magic     | 1 2 3 4 5 6 7 8 9 10 11 12 13 14 18 | 18.4
Ice Magic      | 1 2 3 4 5 6 7 8 9 10 11 12 13 14 18 | 18.4
Air Magic      | 1 2 3 4 5 6 7 8 9 10 11 12 13 14 18 | 18.4
Earth Magic    | 1 2 3 4 5 6 7 8 9 10 11 12 13 14 18 | 18.4
Dodging        | 5 6 7 8 9 10 11 12 13 14 15 16 17 21 | 21.5
Stealth        | 5 6 7 9 10 11 12 13 14 15 16 17 18 19 20 21 22 25 | 25.4
Poison Magic   | 6 7 8 9 10 11 12 13 14 15 18 | 18.9

Action                   |  1- 3 |  4- 6 |  7- 9 | 10-12 | 13-15 | 16-18 | 19-21 | 22-24 | 25-27 || total
-------------------------+-------+-------+-------+-------+-------+-------+-------+-------+-------++-------
Melee: Unarmed           |     1 |       |       |       |       |       |       |       |       ||     1
       Club              |    13 |       |       |       |       |       |       |       |       ||    13
       Bite              |     1 |     9 |    53 |    48 |   140 |   146 |   243 |   255 |   811 ||  1706
       Whip              |       |   123 |     5 |       |       |       |       |       |       ||   128
       Punch             |       |     3 |    13 |    14 |     8 |       |       |       |       ||    38
       Flail             |       |       |    35 |       |       |       |       |       |       ||    35
       Spear             |       |       |   349 |   534 |       |       |       |       |       ||   883
       Dagger            |       |       |    13 |       |       |       |       |       |       ||    13
       Trident           |       |       |       |    15 |   706 |       |   139 |       |       ||   860
       Double sword      |       |       |       |       |   224 |       |       |       |       ||   224
       Lance             |       |       |       |       |    82 |   995 |  1305 |  1586 |  5338 ||  9306
       Katana            |       |       |       |       |       |       |     6 |       |       ||     6
       Headbutt          |       |       |       |       |       |       |       |    26 |       ||    26
       Broad axe         |       |       |       |       |       |       |       |       |   222 ||   222
 Fire: Shortbow          |       |       |     6 |     9 |    10 |       |       |       |       ||    25
       Hunting sling     |       |       |       |       |    12 |       |       |       |       ||    12
Throw: Stone             |     1 |       |       |       |       |       |       |       |       ||     1
       Javelin           |       |       |       |       |       |    12 |     4 |     9 |   113 ||   138
 Cast: Sting             |    54 |    48 |    18 |     7 |     1 |    10 |       |       |       ||   138
       Poisonous Vapours |       |    56 |    80 |    98 |   105 |   171 |    68 |       |       ||   578
       Ignite Poison     |       |       |     9 |    17 |    48 |    87 |    42 |     6 |     2 ||   211
       Mephitic Cloud    |       |       |     1 |     6 |       |     2 |     1 |     2 |     4 ||    16
       Blink             |       |       |     1 |       |    14 |       |       |       |     1 ||    16
       Olgreb's Toxic Ra |       |       |       |    23 |    56 |    75 |    32 |    10 |     3 ||   199
       Iskenderun's Batt |       |       |       |       |       |     1 |     2 |       |       ||     3
       Iron Shot         |       |       |       |       |       |     6 |    15 |     3 |    10 ||    34
       Iskenderun's Myst |       |       |       |       |       |     1 |       |     2 |       ||     3
       Borgnjor's Vile C |       |       |       |       |       |       |    14 |     5 |    12 ||    31
       Orb of Destructio |       |       |       |       |       |       |       |     5 |    25 ||    30
       Malign Gateway    |       |       |       |       |       |       |       |     4 |    12 ||    16
       Statue Form       |       |       |       |       |       |       |       |       |    13 ||    13
       Monstrous Menager |       |       |       |       |       |       |       |       |    10 ||    10
       Passage of Golubr |       |       |       |       |       |       |       |       |     6 ||     6
       Fire Storm        |       |       |       |       |       |       |       |       |     1 ||     1
Invok: Ancestor Identity |       |       |     2 |     1 |       |       |       |       |       ||     3
       Ancestor Life: Kn |       |       |       |     1 |       |       |       |       |       ||     1
       Transference      |       |       |       |     1 |       |     1 |       |       |       ||     2
       Recall Ancestor   |       |       |       |       |     3 |     6 |     1 |     2 |    15 ||    27
       Idealise          |       |       |       |       |       |       |       |     1 |       ||     1
 Abil: Evoke Flight      |       |       |       |       |       |       |       |       |     2 ||     2
Evoke: Wand              |       |       |     1 |       |     7 |     6 |       |       |     2 ||    16
  Use: Scroll            |       |       |       |    19 |    15 |     5 |     8 |    13 |    37 ||    97
       Potion            |       |       |       |     1 |     3 |     9 |       |     8 |    22 ||    43
 Stab: Sleeping          |     5 |       |    13 |    20 |    27 |    34 |    47 |    41 |   133 ||   320
       Distracted        |       |       |     4 |    12 |     6 |    11 |    17 |    42 |   154 ||   246
       Paralysed         |       |       |     3 |       |     4 |       |       |       |       ||     7
       Confused          |       |       |       |     1 |       |     1 |       |     1 |       ||     3
       Petrifying        |       |       |       |       |       |       |       |     1 |       ||     1
       Invisible         |       |       |       |       |       |       |       |       |     3 ||     3
Armor: Robe              |     4 |    10 |       |       |       |       |       |       |       ||    14
       Leather armour    |       |    20 |    35 |       |       |       |       |       |       ||    55
       Steam dragon scal |       |       |    28 |    18 |       |       |       |       |       ||    46
       Ring mail         |       |       |       |   103 |   182 |   242 |   130 |   216 |   504 ||  1377
       Skin              |       |       |       |       |       |       |       |     2 |    62 ||    64
Dodge: Dodged            |    34 |   127 |   181 |   260 |   554 |   515 |   393 |   573 |  1685 ||  4322
Block: Buckler           |       |       |       |       |   248 |   244 |    51 |       |       ||   543
       Kite shield       |       |       |       |       |       |       |   300 |   527 |  2001 ||  2828
       Reflection        |       |       |       |       |       |       |       |       |    11 ||    11
       Rpst.: Double sword |       |       |       |       |    56 |       |       |       |       ||    56

Table legend: (Time is in decaauts)
 A = Elapsed time spent in this place.
 B = Non-inter-level travel time spent in this place.
 C = Inter-level travel time spent in this place.
 D = Time resting spent in this place.
 E = Time spent auto-exploring this place.
 F = Levels seen in this place.
 G = Mean time per level.
                   A        B        C        D        E       F      G
               +--------+--------+--------+--------+--------+-----+--------+
         Total |  91599 |  83150 |   8449 |  15777 |  46132 |  75 | 1221.3 |
       Dungeon |  21849 |  20058 |   1791 |   3396 |  12304 |  15 | 1456.6 |
        Temple |     92 |     49 |     43 |      0 |      0 |   1 |   92.0 |
          Lair |   7587 |   6118 |   1469 |    735 |   4364 |   6 | 1264.5 |
        Shoals |   6117 |   5723 |    394 |   1141 |   2964 |   4 | 1529.2 |
   Spider Nest |   4751 |   4566 |    185 |    976 |   2437 |   4 | 1187.8 |
    Slime Pits |   1423 |   1379 |     44 |    377 |    133 |   5 |  284.6 |
  Orcish Mines |   3017 |   2326 |    691 |    251 |   1515 |   2 | 1508.5 |
   Elven Halls |   4619 |   4282 |    337 |    867 |   2125 |   3 | 1539.7 |
        Vaults |   8194 |   7299 |    895 |    539 |   4881 |   5 | 1638.8 |
         Crypt |   3387 |   2961 |    426 |      0 |   2201 |   3 | 1129.0 |
          Tomb |   1720 |   1666 |     54 |    448 |    854 |   1 | 1720.0 |
        Depths |   8711 |   7322 |   1389 |   1560 |   4176 |   5 | 1742.2 |
          Hell |   1630 |   1522 |    108 |    632 |    574 |   1 | 1630.0 |
       Gehenna |   6070 |   5817 |    253 |   1646 |   2072 |   7 |  867.1 |
       Cocytus |    266 |    266 |      0 |     32 |    116 |   2 |  133.0 |
           Zot |   8932 |   8567 |    365 |   2579 |   4077 |   5 | 1786.4 |
         Abyss |   2059 |   2059 |      0 |    235 |   1054 |   4 |  514.8 |
       Ossuary |    696 |    696 |      0 |    204 |    180 |   1 |  696.0 |
      Ice Cave |    470 |    470 |      0 |    157 |    100 |   1 |  470.0 |
               +--------+--------+--------+--------+--------+-----+--------+

Top non-repeatable levels by time:
Depths:2: 2537 daAuts
Shoals:4: 2475 daAuts
    D:13: 2418 daAuts
    D:12: 2403 daAuts
   Elf:3: 2271 daAuts
   Zot:5: 2249 daAuts
   Orc:2: 2175 daAuts
    D:11: 2172 daAuts
   Zot:2: 1993 daAuts
Depths:3: 1936 daAuts
Depths:4: 1899 daAuts
Vaults:1: 1843 daAuts
Vaults:5: 1836 daAuts
  Lair:4: 1810 daAuts
     D:3: 1786 daAuts
